Map: Blueshift LE

Players

Bombs

  • Race: Terran Terran
  • Spawn Location: 7:00

A.I. 2 (Elite) - Winner!

  • Race: Zerg Zerg
  • Spawn Location: 1:00

VOD

Have the link to the VOD?

Description

Time

  • Played on: Nov. 17, 2018, 5:56 p.m.
  • Length: 20:08
Show
View Real Time Build Order
Export as new Build Order

Bombs Terran 

Build Orders: Gas First Reaper Expand, Liberator Opening, Reaper Expand, Mech 

Get SALT Encoding   

  12  0:01  SCV  
  13  0:13  SCV  
  14  0:17  Supply Depot  
  14  0:25  SCV  
  15  0:29  Refinery  
  15  0:39  SCV  
  16  0:44  Barracks  
  16  0:51  SCV  
  17  1:03  SCV  
  18  1:16  SCV  
  19  1:32  Orbital Command, Reaper  
  20  1:45  Command Center  
  20  1:56  Factory  
  20  2:00  SCV  
  21  2:07  Barracks Reactor  
  21  2:12  SCV  
  22  2:17  Supply Depot  
  22  2:24  SCV  
  23  2:38  SCV  
  23  2:42  Refinery  
  23  2:43  Starport  
  24  2:50  SCV  
  24  2:51  Hellion x2  
  29  2:54  Barracks Tech Lab  
  29  3:02  Orbital Command, SCV  
  30  3:10  Liberator  
  30  3:15  SCV  
  30  3:18  Hellion x2  
  35  3:28  SCV x2  
  40  3:36  Supply Depot  
  40  3:40  SCV  
  41  3:41  Hellion  
  41  3:42  Hellion, SCV  
  46  3:50  Supply Depot  
  46  3:57  SCV x2, Armory  
  48  4:03  Supply Depot  
  48  4:08  Marine  
  48  4:09  SCV x2  
  51  4:13  Hellion x2  
  55  4:21  SCV  
  56  4:28  Supply Depot  
  56  4:29  SCV  
  56  4:30  Banshee  
  60  4:33  SCV  
  61  4:40  Hellion x2  
  61  4:41  SCV  
  66  4:45  SCV  
  67  4:54  SCV  
  67  4:55  Supply Depot  
  67  4:57  Cloaking Field  
  67  4:58  SCV  
  66  5:02  Command Center  
  66  5:06  SCV  
  67  5:10  SCV  
  67  5:12  Factory  
  67  5:13  Refinery, Factory  
  68  5:14  Refinery  
  68  5:15  Hellion x6  
  68  5:20  SCV  
  69  5:22  SCV  
  69  5:23  Terran Vehicle Weapons Level 1  
  70  5:29  Supply Depot, Hellion x2  
  70  5:32  SCV  
  75  5:38  SCV  
  75  5:40  Banshee  
  79  5:44  SCV  
  76  5:50  SCV  
  76  5:52  Armory  
  76  5:53  Engineering Bay  
  76  5:57  SCV  
  70  6:00  Factory Tech Lab  
  70  6:01  Factory Tech Lab  
  70  6:02  SCV  
  71  6:08  Hellion  
  71  6:09  Hellion, SCV  
  76  6:15  Orbital Command, SCV  
  77  6:21  SCV  
  77  6:23  Refinery  
  78  6:26  Refinery  
  78  6:27  SCV  
  78  6:29  Thor  
  78  6:31  Thor  
  91  6:33  SCV  
  91  6:39  SCV  
  93  6:42  Hellion x2  
  93  6:44  SCV  
  93  6:45  SCV  
  99  6:47  Terran Vehicle And Ship Armor Level 1  
  99  6:51  SCV  
  100  6:56  Supply Depot x2, SCV  
  100  6:57  SCV  
  102  7:03  Starport Reactor, SCV  
  102  7:04  Barracks Reactor  
  102  7:05  Factory  
  102  7:06  Factory  
  102  7:08  SCV  
  104  7:09  SCV  
  104  7:14  Supply Depot x3  
  106  7:20  SCV  
  106  7:21  SCV  
  108  7:25  Siege Tank x2  
  114  7:30  Terran Vehicle Weapons Level 2  
  114  7:32  SCV  
  114  7:34  Hellion, Hellbat  
  114  7:35  SCV  
  114  7:36  SCV  
  120  7:44  SCV  
  121  7:52  SCV  
  121  7:56  Hellion x3  
  121  7:57  Hellion  
  121  7:58  Siege Tank x2  
  125  7:59  Command Center  
  125  8:00  Hellion x4  
  125  8:01  Siege Tank  
  125  8:05  Command Center  
  131  8:06  Infernal Pre-Igniter, Smart Servos  
  131  8:08  SCV  
  131  8:09  SCV  
  133  8:30  Hellion x2, Hellbat x2  
  133  8:31  Siege Tank, Liberator  
  133  8:32  Siege Tank, Liberator  
  147  8:36  Supply Depot x2  
  147  8:39  Siege Tank, SCV  
  151  8:44  Supply Depot x2  
  151  8:47  Supply Depot x2  
  151  8:50  Supply Depot  
  153  8:55  Hellbat  
  153  8:56  Hellion, Hellbat  
  153  8:57  Hellion  
  141  9:03  Siege Tank, Supply Depot  
  141  9:04  Supply Depot  
  144  9:15  Siege Tank  
  144  9:16  Siege Tank  
  150  9:22  Planetary Fortress  
  150  9:26  Orbital Command  
  146  9:33  Refinery  
  146  9:35  Siege Tank  
  146  9:36  Refinery  
  146  9:38  Hellbat  
  147  9:41  Command Center  
  147  9:47  Siege Tank  
  147  9:48  Terran Vehicle And Ship Armor Level 2  
  147  9:51  Hellion, Hellbat x3  
  156  10:06  Hellbat  
  157  10:07  Siege Tank  
  157  10:12  Siege Tank  
  163  10:18  Hellbat, Factory  
  163  10:19  Hellion x2, Factory  
  163  10:24  Starport  
  163  10:25  Starport  
  163  10:27  Hellbat  
  165  10:29  Siege Tank  
  168  10:40  Hellion, Hellbat x2  
  174  10:43  Siege Tank  
  174  10:44  Siege Tank  
  180  10:53  Thor x2, Hellbat  
  180  10:56  Planetary Fortress  
  182  11:00  Refinery  
  182  11:01  Siege Tank, Hellbat  
  182  11:03  Starport Reactor x2  
  187  11:04  Factory Tech Lab x2  
  187  11:11  Hellion, Command Center, Hellbat  
  189  11:12  Command Center  
  189  11:15  Siege Tank, Command Center  
  189  11:17  Siege Tank  
  197  11:19  Refinery  
  197  11:22  Hellbat  
  197  11:50  Siege Tank, Hellion  
  197  11:51  Hellion  
  198  11:56  Hellbat  
  196  12:07  Hellion x6  
  196  12:13  Terran Vehicle And Ship Armor Level 3, Terran Vehicle Weapons Level 3  
  196  12:19  Command Center  
  196  12:44  Planetary Fortress  
  196  13:07  Siege Tank  
  182  13:21  Siege Tank x3, Hellbat x3  
  182  13:22  Hellbat  
  197  13:31  Siege Tank  
  197  13:37  Hellion x4  
  197  13:38  Hi-Sec Auto Tracking  
  197  13:39  Hellbat  
  197  13:40  Hellion  
  199  14:35  Structure Armor  
  189  15:16  Orbital Command  
  189  15:21  Command Center  
  189  15:32  Missile Turret  
  189  15:33  Missile Turret  
  189  15:35  Missile Turret  
  189  15:36  Missile Turret x2  
  189  15:37  Missile Turret x2  
  189  15:38  Missile Turret  
  179  16:35  Command Center  
  179  17:00  Terran Ship Weapons Level 1  
  179  18:05  Planetary Fortress  
  179  18:07  Command Center  
  179  18:09  Command Center  
  179  18:13  Command Center x3  
Show
View Real Time Build Order
Export as new Build Order

A.I. 2 (Elite) Zerg - Winner!

Build Orders: Pool First 

Get SALT Encoding   

  12  0:00  Drone  
  13  0:12  Overlord  
  13  0:16  Drone  
  14  0:31  Drone x2  
  16  0:42  Spawning Pool  
  15  0:44  Drone  
  15  0:49  Drone  
  17  1:13  Drone, Hatchery  
  17  1:16  Extractor  
  17  1:18  Drone  
  17  1:22  Drone  
  18  1:28  Drone  
  19  1:38  Overlord  
  19  1:48  Queen  
  19  1:49  Drone  
  22  2:00  Zergling x2  
  23  2:11  Drone  
  23  2:21  Drone  
  24  2:23  Queen  
  24  2:25  Drone  
  24  2:27  Roach Warren  
  26  2:32  Drone  
  26  2:34  Extractor  
  26  2:39  Drone  
  27  2:44  Overlord  
  27  2:48  Drone  
  28  2:54  Drone x2  
  28  2:56  Drone  
  31  2:59  Drone  
  31  3:05  Zergling x2  
  33  3:08  Zergling x2  
  34  3:16  Roach  
  34  3:19  Roach  
  38  3:26  Zergling x2  
  42  3:27  Roach x2  
  42  3:28  Drone  
  43  3:35  Overlord  
  43  3:44  Lair  
  43  3:53  Drone x3  
  43  3:54  Drone  
  47  3:56  Drone  
  47  4:01  Overlord  
  47  4:04  Drone  
  47  4:07  Drone  
  47  4:09  Drone  
  50  4:11  Drone  
  51  4:19  Drone x2  
  51  4:20  Zergling x2  
  51  4:24  Zergling x4  
  56  4:25  Overlord  
  56  4:32  Spore Crawler  
  56  4:35  Spore Crawler  
  54  4:38  Queen  
  54  4:42  Drone  
  58  4:50  Drone  
  58  4:55  Roach  
  58  4:58  Drone  
  58  4:59  Overseer  
  60  5:02  Drone, Hydralisk Den  
  60  5:04  Overlord  
  60  5:08  Roach  
  60  5:11  Overlord  
  62  5:15  Drone  
  62  5:16  Drone  
  64  5:27  Drone  
  64  5:28  Drone  
  66  5:29  Drone  
  66  5:31  Hydralisk  
  66  5:33  Hydralisk  
  66  5:34  Lurker Den  
  66  5:35  Drone  
  71  5:37  Drone  
  71  5:39  Drone  
  71  5:41  Drone  
  71  5:42  Drone  
  74  5:49  Infestation Pit  
  73  5:52  Overlord  
  73  5:53  Drone  
  73  5:55  Roach  
  78  5:57  Roach  
  78  5:59  Roach  
  80  6:10  Roach, Overlord  
  82  6:15  Evolution Chamber  
  82  6:16  Drone  
  82  6:20  Evolution Chamber  
  82  6:21  Drone  
  82  6:23  Hatchery  
  82  6:25  Infestor, Drone  
  84  6:29  Infestor  
  86  6:35  Extractor  
  86  6:36  Drone  
  86  6:40  Extractor  
  86  6:42  Zerg Missile Weapons Level 1  
  85  6:57  Drone x2, Zerg Ground Armor Level 1  
  85  6:58  Spine Crawler  
  85  6:59  Drone  
  87  7:02  Drone x2, Overlord  
  87  7:03  Drone  
  87  7:06  Ravager  
  91  7:09  Roach  
  93  7:16  Ravager  
  93  7:18  Roach  
  93  7:19  Spine Crawler  
  93  7:20  Drone  
  93  7:21  Overlord  
  96  7:23  Hydralisk  
  96  7:27  Hydralisk  
  100  7:35  Drone  
  100  7:36  Drone x5  
  100  7:37  Drone x4  
  107  7:40  Drone  
  111  7:44  Roach, Drone, Overlord  
  111  7:45  Drone  
  111  7:46  Extractor, Drone  
  115  7:52  Drone  
  115  7:55  Glial Reconstitution  
  115  7:56  Drone  
  115  7:57  Drone  
  118  8:00  Infestor, Drone  
  118  8:02  Drone, Overlord  
  122  8:07  Drone  
  122  8:09  Drone  
  122  8:12  Infestor  
  124  8:13  Roach, Drone  
  124  8:17  Extractor, Drone  
  129  8:20  Drone  
  129  8:21  Roach  
  129  8:24  Pathogen Glands  
  129  8:25  Overlord  
  132  8:28  Spore Crawler  
  132  8:31  Spore Crawler  
  132  8:32  Drone  
  131  8:39  Zerg Missile Weapons Level 2, Drone  
  131  8:40  Drone x2  
  134  8:43  Overlord  
  134  8:50  Spine Crawler, Zergling x4  
  134  8:51  Zergling x12  
  134  8:54  Metabolic Boost, Evolution Chamber  
  134  8:55  Zerg Melee Weapons Level 1  
  131  8:57  Drone, Ravager, Zergling x2  
  131  8:58  Zergling x2  
  131  9:01  Roach  
  131  9:02  Roach, Ravager  
  114  9:04  Roach  
  110  9:12  Roach, Hydralisk  
  110  9:13  Roach  
  110  9:15  Hydralisk  
  110  9:16  Roach x2  
  122  9:23  Roach, Hydralisk  
  122  9:24  Roach  
  128  9:30  Infestor  
  130  9:34  Hatchery  
  129  9:40  Infestor  
  129  9:42  Roach  
  129  9:44  Drone x2  
  129  9:45  Roach  
  129  9:46  Drone  
  129  9:47  Drone x3  
  129  9:48  Drone  
  115  9:53  Drone  
  115  9:54  Drone  
  115  9:55  Drone x3  
  115  9:57  Drone  
  120  10:05  Drone  
  120  10:06  Drone  
  113  10:08  Drone  
  113  10:13  Zerg Ground Armor Level 2  
  104  10:15  Drone  
  104  10:17  Drone  
  104  10:19  Roach, Drone, Zergling x2  
  109  10:22  Drone  
  109  10:24  Drone  
  109  10:27  Drone  
  112  10:30  Drone  
  112  10:32  Drone  
  112  10:34  Drone  
  115  10:36  Drone  
  115  10:38  Drone  
  115  10:40  Drone  
  115  10:42  Drone  
  119  10:46  Drone  
  119  10:49  Drone  
  121  10:50  Drone  
  121  10:51  Drone x2  
  121  10:54  Drone  
  121  10:55  Drone  
  126  10:58  Drone  
  126  10:59  Drone  
  126  11:00  Drone  
  126  11:01  Drone  
  126  11:04  Drone  
  131  11:05  Drone  
  131  11:07  Drone  
  131  11:08  Drone  
  131  11:10  Drone  
  135  11:14  Zerg Melee Weapons Level 2  
  135  11:15  Drone  
  135  11:18  Drone x2  
  138  11:20  Drone  
  139  11:34  Spine Crawler  
  139  11:36  Drone  
  139  11:37  Spine Crawler  
  139  11:38  Drone  
  139  11:40  Queen, Overlord  
  139  11:44  Hydralisk  
  139  11:45  Zergling x4  
  139  11:46  Zergling x2  
  142  11:47  Zergling x4  
  142  11:48  Zergling x2  
  142  11:49  Zergling x4  
  142  11:54  Roach, Zergling x2  
  130  11:55  Zergling x2  
  130  12:00  Infestor  
  128  12:02  Infestor  
  128  12:05  Infestor  
  128  12:07  Infestor  
  134  12:09  Roach  
  134  12:10  Roach  
  134  12:11  Ravager  
  134  12:12  Roach  
  134  12:13  Roach  
  134  12:15  Overlord  
  143  12:17  Hive  
  143  12:34  Hydralisk x3  
  143  12:35  Overlord  
  143  12:36  Extractor  
  148  12:38  Drone  
  149  12:46  Extractor  
  149  12:47  Drone  
  149  12:55  Spine Crawler  
  149  12:56  Drone  
  149  12:57  Spore Crawler  
  148  12:58  Drone  
  148  12:59  Spine Crawler  
  148  13:01  Drone  
  148  13:02  Spore Crawler  
  148  13:04  Drone, Zergling x4  
  148  13:05  Hydralisk, Zergling x10  
  149  13:06  Spore Crawler  
  149  13:07  Drone  
  149  13:08  Spore Crawler  
  149  13:10  Drone  
  131  13:15  Roach, Drone  
  131  13:17  Drone  
  131  13:19  Drone  
  113  13:20  Spine Crawler  
  113  13:22  Spine Crawler  
  113  13:26  Drone  
  102  13:28  Drone  
  102  13:30  Drone  
  102  13:31  Zerg Missile Weapons Level 3, Ultralisk Cavern  
  102  13:32  Zerg Melee Weapons Level 3, Drone  
  104  13:34  Drone  
  104  13:37  Drone  
  104  13:38  Hatchery  
  104  13:39  Drone  
  106  13:42  Drone  
  106  13:43  Drone  
  106  13:45  Drone  
  106  13:47  Drone  
  106  13:48  Drone  
  111  13:50  Drone  
  111  13:51  Drone  
  111  13:52  Drone  
  111  13:54  Drone  
  115  13:56  Drone  
  115  13:57  Drone  
  115  13:59  Drone  
  115  14:00  Drone  
  115  14:02  Drone  
  120  14:03  Drone  
  120  14:04  Zergling x2  
  120  14:06  Zergling x2  
  120  14:08  Roach  
  125  14:11  Roach  
  125  14:12  Hydralisk  
  125  14:14  Hydralisk  
  131  14:18  Hydralisk  
  131  14:19  Ultralisk  
  139  14:26  Ultralisk  
  145  14:33  Ultralisk  
  145  14:38  Drone x3  
  148  14:39  Drone  
  148  14:40  Drone  
  148  14:41  Drone  
  148  14:43  Drone  
  151  14:45  Drone  
  151  14:55  Ultralisk  
  157  15:04  Ultralisk  
  157  15:07  Overlord  
  163  15:12  Pneumatized Carapace  
  163  15:19  Ultralisk  
  169  15:23  Overseer  
  169  15:24  Overseer  
  169  15:25  Ultralisk  
  169  15:27  Overlord  
  175  15:34  Ultralisk  
  181  15:49  Zergling x2  
  181  15:50  Zergling x2  
  181  15:51  Zergling x4  
  181  15:52  Zergling x6  
  181  15:53  Zergling x2  
  181  15:54  Zergling x2  
  181  15:55  Zergling x2  
  181  15:59  Hatchery  
  181  16:01  Drone  
  177  16:04  Roach x2  
  177  16:12  Zerg Ground Armor Level 3, Adrenal Glands  
  177  16:15  Spine Crawler  
  177  16:17  Spine Crawler, Hydralisk  
  177  16:19  Hydralisk  
  177  16:21  Viper  
  177  16:23  Viper  
  182  16:31  Spire  
  182  16:32  Queen  
  183  16:35  Queen  
  183  16:39  Hydralisk  
  185  16:40  Lurker  
  185  16:43  Overlord, Overseer, Lurker  
  185  16:44  Hydralisk  
  191  16:56  Infestor, Spore Crawler  
  191  16:57  Spore Crawler  
  191  16:59  Spine Crawler  
  190  17:02  Infestor  
  190  17:05  Ravager  
  190  17:06  Roach  
  195  17:09  Hydralisk  
  195  17:12  Drone, Queen  
  200  17:25  Hatchery  
  200  17:26  Drone  
  200  17:39  Spine Crawler, Drone  
  200  17:45  Spine Crawler, Drone  
  200  17:48  Drone, Spore Crawler  
  200  17:49  Chitinous Plating, Neural Parasite  
  200  18:13  Drone  
  200  18:15  Drone x2  
  200  18:16  Drone  
  200  18:17  Drone  
  200  18:18  Zergling x2  
  200  18:19  Zergling x4  
  199  18:20  Zergling x2  
  199  18:22  Extractor, Zergling x6  
  199  18:23  Roach x2, Hydralisk x2, Drone, Zergling x4  
  199  18:24  Roach, Hydralisk x2, Extractor, Drone  
  199  18:25  Roach, Hydralisk  
  199  18:26  Ultralisk, Zergling x2  
  191  18:27  Infestor  
  191  18:28  Spine Crawler  
  191  18:29  Ultralisk  
  191  18:30  Drone  
  191  18:31  Spore Crawler  
  191  18:32  Drone  
  191  18:33  Hydralisk  
  187  18:35  Hydralisk  
  187  18:39  Hydralisk  
  191  18:42  Hydralisk  
  191  18:45  Ravager  
  194  18:49  Infestor  
  194  18:50  Hydralisk, Ravager  
  194  18:54  Burrow  
  199  18:56  Spore Crawler  
  199  18:58  Drone  
  199  19:03  Hatchery  
  199  19:05  Drone  
Tags
 
Add a new tag
Caveats
  • Supply blocks, unpowered buildings, or Contaminate may cause inaccurate times.
  • Supply counts are checked every 10 seconds.